WCHLSIM.com - West Coast Hockey League
html PUBLIC "-//W3C//DTD XHTML 1.0 Transitional//EN" "http://www.w3.org/TR/xhtml1/DTD/xhtml1-transitional.dtd"> WCHL - Game 649 - VANCOUVER VOODOO vs SEATTLE GRUNGE

VANCOUVER VOODOO vs SEATTLE GRUNGE

Created - 15 janvier 2020 at 18:07

Goals
1 2 3 T
VANCOUVER VOODOO 3 1 0 4
SEATTLE GRUNGE 4 1 0 5
Shots
1 2 3 T
VANCOUVER VOODOO 18 7 9 34
SEATTLE GRUNGE 10 9 8 27

1st period

1. SEATTLE GRUNGE , Vladimir Sobotka 4 (Oskar Sundqvist 11, Travis Sanheim 5) at 1:26
2. SEATTLE GRUNGE , Damon Severson 6 (Rasmus Dahlin 9, Jeff Skinner 20) at 11:47
3. VANCOUVER VOODOO , Bryan Little 8 (Shea Theodore 9, Noel Acciari 5) at 16:52
4. VANCOUVER VOODOO , Noel Acciari 3 (Shea Theodore 10, Devin Shore 12) at 17:22
5. SEATTLE GRUNGE , Chris Tierney 8 (Jason Zucker 20, Michael Frolik 14) at 17:55
6. VANCOUVER VOODOO , Michael Matheson 9 (Anze Kopitar 32) at 19:28
7. SEATTLE GRUNGE , Chris Tierney 9 (Michael Frolik 15, Jason Zucker 21) at 19:58

Penalties :
Danny DeKeyser (VAN) for Holding (Minor) at 4:01

2nd period

8. SEATTLE GRUNGE , Jeff Skinner 20 (Roman Josi 25, Tyler Seguin 32) at 1:03 (PP)
9. VANCOUVER VOODOO , Anze Kopitar 15 (Cam Atkinson 29) at 8:44 (PP)

Penalties :
Anze Kopitar (VAN) for High sticking (Minor) at 0:57, Roman Josi (SEA) for Holding (Minor) at 7:33

3rd period

No Goal

Penalties :
No Penalty

Goalie Stats

Carey Price (VAN), 6 saves from 11 shots - (0,545), L, 20-13-6, 21:03 minutes
Pheonix Copley (VAN), 16 saves from 16 shots - (1,000), 37:28 minutes
Carter Hutton (SEA), 30 saves from 34 shots - (0,882), W, 5-3-1, 60:00 minutes

Players Stats for VANCOUVER VOODOO

Player Name              G  A  P  +/- PIM S  H  SB GA TA FO     MP     PP MP  PK MP  
------------------------------------------------------------------------------------
Anze Kopitar             1  1  2  -1  2   3  0  0  0  0  14/20  20:12   0:14   0:59 
Brendan Lemieux          0  0  0  -1  0   0  0  0  0  0  0/0     5:47   0:28   0:00 
Bryan Little             1  0  1   1  0   4  1  0  0  0  17/26  18:31   0:57   0:00 
Cam Atkinson             0  1  1  -1  0   2  0  0  0  0  0/0    19:14   0:14   0:00 
Carter Verhaeghe         0  0  0  -1  0   1  0  0  0  0  9/12    5:19   0:00   0:00 
Christian Wolanin        0  0  0  -3  0   0  0  1  0  0  0/0    16:55   0:00   0:00 
Danny DeKeyser           0  0  0   2  2   2  3  1  0  0  0/0    20:00   0:28   0:06 
Denis Malgin             0  0  0  -1  0   1  0  0  0  0  0/1     5:30   0:00   0:11 
Devin Shore              0  1  1   1  0   5  0  0  0  0  1/1    18:17   0:43   0:00 
Jay Bouwmeester          0  0  0  -3  0   0  2  0  0  0  0/0    17:46   0:00   0:51 
Joel Eriksson Ek         0  0  0  -1  0   1  3  0  0  0  1/2    19:04   0:00   1:00 
Leo Komarov              0  0  0   0  0   1  0  0  0  0  6/16   14:51   0:00   0:00 
Mathew Dumba             0  0  0   0  0   0  2  0  0  0  0/0    22:13   0:43   1:08 
Michael Matheson         1  0  1   0  0   1  1  4  0  0  0/0    21:35   0:14   1:14 
Noel Acciari             1  1  2   1  0   8  2  0  0  0  2/2    19:31   0:57   1:00 
Rocco Grimaldi           0  0  0   0  0   1  0  0  0  0  1/3    15:51   0:00   1:00 
Shea Theodore            0  2  2   2  0   1  0  0  0  0  0/0    21:30   0:57   0:51 
Tyson Jost               0  0  0   0  0   3  0  0  0  0  1/1    15:47   0:00   0:00 

Players Stats for SEATTLE GRUNGE

Player Name              G  A  P  +/- PIM S  H  SB GA TA FO     MP     PP MP  PK MP  
------------------------------------------------------------------------------------
Chris Tierney            2  0  2   2  0   4  1  0  0  0  7/15   14:43   0:56   0:14 
Damon Severson           1  0  1  -1  0   2  0  2  0  0  0/0    20:43   0:56   0:57 
Jason Zucker             0  2  2   2  0   4  1  0  0  0  1/1    15:26   0:56   0:57 
Jeff Skinner             1  1  2   0  0   5  2  0  0  0  0/0    15:23   1:09   0:00 
Josh Bailey              0  0  0   0  0   1  1  0  0  0  0/0    15:37   1:09   0:14 
Matthew Grzelcyk         0  0  0   1  0   0  2  2  0  0  0/0    19:40   0:00   0:00 
Michael Frolik           0  2  2   2  0   1  2  3  0  0  2/3    15:26   0:56   0:57 
Mike Sgarbossa           0  0  0  -2  0   0  0  0  0  0  0/2    13:39   0:00   0:00 
Oskar Sundqvist          0  1  1   1  0   1  1  0  0  0  10/22  15:18   0:00   0:00 
Rasmus Dahlin            0  1  1  -1  0   0  1  3  0  0  0/0    20:57   0:56   1:11 
Roman Josi               0  1  1   1  2   0  1  1  0  0  0/0    19:22   1:09   0:00 
Seth Jones               0  0  0   1  0   0  1  0  0  0  0/0    19:23   1:09   0:00 
Steve Bernier            0  0  0   1  0   0  2  0  0  0  0/0    15:18   0:00   0:00 
Travis Sanheim           0  1  1   1  0   0  0  1  0  0  0/0    19:54   0:00   0:14 
Tyler Seguin             0  1  1   0  0   7  0  1  0  0  8/19   15:23   1:09   0:00 
Victor Rask              0  0  0  -2  0   0  0  0  0  0  2/2    13:39   0:00   0:00 
Vladimir Sobotka         1  0  1   1  0   1  0  1  0  0  0/1    15:18   0:00   0:00 
Zemgus Girgensons        0  0  0  -2  0   1  4  0  0  0  2/19   13:39   0:00   0:00 

3 Stars

1 - Chris Tierney (SEA)
2 - Michael Frolik (SEA)
3 - Noel Acciari (VAN)

Power Play

VANCOUVER VOODOO - 1 on 1 Attempt(s) - 100,00%
SEATTLE GRUNGE - 1 on 2 Attempt(s) - 50,00%

Penalty Kill

VANCOUVER VOODOO - 1 on 2 Attempt(s) - 50,00% - Score 0 goal in Penalty Kill
SEATTLE GRUNGE - 0 on 1 Attempt(s) - 0,00% - Score 0 goal in Penalty Kill

Team Stat

VANCOUVER VOODOO - Hits : 14 - Faceoff Wins : 52 - Blocked Shots : 6 - Penalty Minutes : 4
SEATTLE GRUNGE - Hits : 19 - Faceoff Wins : 32 - Blocked Shots : 14 - Penalty Minutes : 2

Official

Referees : Marc Joannette and Pierre Lambert
Linesman : Dan Dineen and Nathan Stanton

Game Notes

Pheonix Copley enters game at 1:03 of 2nd period

Finance

Level 1 -- Attendance: 6000 (100,00%) -- Ticket Income 630 000 $
Level 2 -- Attendance: 5000 (100,00%) -- Ticket Income 325 000 $
Level 3 -- Attendance: 2789 (92,97%) -- Ticket Income 100 404 $
Level 4 -- Attendance: 5000 (100,00%) -- Ticket Income 125 000 $
Luxury Box -- Attendance: 1000 (100,00%) -- Ticket Income 202 000 $
Total Attendance: 19789 (98,95%)
Total Ticket Income: 1 382 404 $
Other Income: 414 721 $
Total Income: 1 797 125 $

VANCOUVER VOODOO

5 vs 5 Forward 
   Center                   Left Wing                Right Wing               Time % Phy DF OF 
 1 Anze Kopitar             Joel Eriksson Ek         Cam Atkinson             34     1   1  3  
 2 Bryan Little             Devin Shore              Noel Acciari             32     1   2  2  
 3 Leo Komarov              Tyson Jost               Rocco Grimaldi           27     2   2  1  
 4 Carter Verhaeghe         Brendan Lemieux          Denis Malgin             7      1   3  1  

5 vs 5 Defense 
   Defense                  Defense                                           Time % Phy DF OF 
 1 Danny DeKeyser           Shea Theodore                                     35     1   3  1  
 2 Mathew Dumba             Michael Matheson                                  35     1   2  2  
 3 Jay Bouwmeester          Christian Wolanin                                 30     2   1  2  
 4 Mathew Dumba             Shea Theodore                                     0      1   2  2  

PowerPlay Forward 
   Center                   Left Wing                Right Wing               Time % Phy DF OF 
 1 Anze Kopitar             Tyson Jost               Cam Atkinson             50     0   1  4  
 2 Bryan Little             Devin Shore              Noel Acciari             50     1   1  3  

PowerPlay Defense
   Defense                  Defense                                           Time % Phy DF OF 
 1 Mathew Dumba             Shea Theodore                                     59     1   0  4  
 2 Michael Matheson         Christian Wolanin                                 41     1   2  2  

Penalty Kill 4 Players Forward 
   Center                   Wing                     Time % Phy DF OF 
 1 Joel Eriksson Ek         Noel Acciari             50     1   3  1  
 2 Anze Kopitar             Rocco Grimaldi           50     2   3  0  

Penalty Kill 4 Players Defense
   Defense                  Defense                  Time % Phy DF OF 
 1 Danny DeKeyser           Michael Matheson         58     1   4  0  
 2 Jay Bouwmeester          Shea Theodore            42     1   2  2  

Penalty Kill - 3 Players Forward 
   Forward                                           Time % Phy DF OF 
 1 Anze Kopitar                                      55     2   2  1  
 2 Noel Acciari                                      45     1   3  1  

Penalty Kill - 3 Players Defense
   Defense                  Defense                  Time % Phy DF OF 
 1 Jay Bouwmeester          Michael Matheson         60     1   4  0  
 2 Shea Theodore            Danny DeKeyser           40     2   1  2  

4 vs 4 Forward 
   Center                   Wing                     Time % Phy DF OF 
 1 Bryan Little             Rocco Grimaldi           50     1   3  1  
 2 Joel Eriksson Ek         Noel Acciari             50     2   2  1  

4 vs 4 Defense
   Defense                  Defense                  Time % Phy DF OF 
 1 Shea Theodore            Jay Bouwmeester          50     2   2  1  
 2 Mathew Dumba             Christian Wolanin        50     1   1  3  

Last Minutes Offensive
   Center                   Left Wing                Right Wing               Defense                  Defense                  
   Anze Kopitar             Noel Acciari             Cam Atkinson             Mathew Dumba             Michael Matheson         

Last Minutes Defensive
   Center                   Left Wing                Right Wing               Defense                  Defense                  
   Anze Kopitar             Noel Acciari             Rocco Grimaldi           Danny DeKeyser           Michael Matheson         

Goaltenders
Starting : Carey Price              
Backup : Pheonix Copley           

Extra Forwards
Normal : Bryan Little, Tyson Jost, Leo Komarov - PP : Noel Acciari, Rocco Grimaldi - PK : Denis Malgin
Extra Defensemen
Normal : Mathew Dumba, Christian Wolanin, Jay Bouwmeester - PP : Danny DeKeyser - PK : Mathew Dumba, Christian Wolanin
Penalty Shots
Anze Kopitar, Cam Atkinson, Bryan Little, Carter Verhaeghe, Tyson Jost
Custom OT Lines Forwards
Anze Kopitar, Cam Atkinson, Bryan Little, Tyson Jost, Rocco Grimaldi, Devin Shore, Leo Komarov, Denis Malgin, Noel Acciari, Carter Verhaeghe
Custom OT Lines Defensemen
Michael Matheson, Danny DeKeyser, Shea Theodore, Mathew Dumba, Jay Bouwmeester

Scratches
Andrew Shaw (Bruised Left Leg Injury), Nikita Scherbak (Healthy), Sam Bennett (Healthy)

SEATTLE GRUNGE

5 vs 5 Forward 
   Center                   Left Wing                Right Wing               Time % Phy DF OF 
 1 Tyler Seguin             Jeff Skinner             Josh Bailey              25     1   2  2  
 2 Chris Tierney            Jason Zucker             Michael Frolik           25     1   2  2  
 3 Oskar Sundqvist          Vladimir Sobotka         Steve Bernier            25     1   2  2  
 4 Zemgus Girgensons        Mike Sgarbossa           Victor Rask              25     1   2  2  

5 vs 5 Defense 
   Defense                  Defense                                           Time % Phy DF OF 
 1 Roman Josi               Seth Jones                                        34     1   2  2  
 2 Damon Severson           Rasmus Dahlin                                     33     1   2  2  
 3 Travis Sanheim           Matthew Grzelcyk                                  33     1   2  2  
 4 Roman Josi               Seth Jones                                        0      1   2  2  

PowerPlay Forward 
   Center                   Left Wing                Right Wing               Time % Phy DF OF 
 1 Tyler Seguin             Jeff Skinner             Josh Bailey              55     1   2  2  
 2 Chris Tierney            Jason Zucker             Michael Frolik           45     1   2  2  

PowerPlay Defense
   Defense                  Defense                                           Time % Phy DF OF 
 1 Roman Josi               Seth Jones                                        55     1   2  2  
 2 Damon Severson           Rasmus Dahlin                                     45     1   2  2  

Penalty Kill 4 Players Forward 
   Center                   Wing                     Time % Phy DF OF 
 1 Michael Frolik           Jason Zucker             55     1   2  2  
 2 Chris Tierney            Josh Bailey              45     1   2  2  

Penalty Kill 4 Players Defense
   Defense                  Defense                  Time % Phy DF OF 
 1 Roman Josi               Travis Sanheim           55     1   2  2  
 2 Damon Severson           Rasmus Dahlin            45     1   2  2  

Penalty Kill - 3 Players Forward 
   Forward                                           Time % Phy DF OF 
 1 Josh Bailey                                       55     1   2  2  
 2 Chris Tierney                                     45     1   2  2  

Penalty Kill - 3 Players Defense
   Defense                  Defense                  Time % Phy DF OF 
 1 Roman Josi               Seth Jones               55     1   2  2  
 2 Damon Severson           Rasmus Dahlin            45     1   2  2  

4 vs 4 Forward 
   Center                   Wing                     Time % Phy DF OF 
 1 Jason Zucker             Michael Frolik           55     1   2  2  
 2 Chris Tierney            Josh Bailey              45     1   2  2  

4 vs 4 Defense
   Defense                  Defense                  Time % Phy DF OF 
 1 Roman Josi               Seth Jones               55     1   2  2  
 2 Damon Severson           Rasmus Dahlin            45     1   2  2  

Last Minutes Offensive
   Center                   Left Wing                Right Wing               Defense                  Defense                  
   Tyler Seguin             Jeff Skinner             Josh Bailey              Roman Josi               Seth Jones               

Last Minutes Defensive
   Center                   Left Wing                Right Wing               Defense                  Defense                  
   Tyler Seguin             Jeff Skinner             Josh Bailey              Roman Josi               Seth Jones               

Goaltenders
Starting : Carter Hutton            
Backup : Chad Johnson             

Extra Forwards
Normal : Mike Sgarbossa, Victor Rask, Oskar Sundqvist - PP : Mike Sgarbossa, Victor Rask - PK : Oskar Sundqvist
Extra Defensemen
Normal : Travis Sanheim, Seth Jones, Damon Severson - PP : Travis Sanheim - PK : Roman Josi, Damon Severson
Penalty Shots
Oskar Sundqvist, Victor Rask, Chris Tierney, Josh Bailey, Jason Zucker
Custom OT Lines Forwards
Victor Rask, Mike Sgarbossa, Chris Tierney, Josh Bailey, Jason Zucker, Michael Frolik, Oskar Sundqvist, Vladimir Sobotka, Zemgus Girgensons, Steve Bernier
Custom OT Lines Defensemen
Roman Josi, Seth Jones, Damon Severson, Rasmus Dahlin, Travis Sanheim

Scratches
Yannick Weber (Healthy), J.T. Brown (Healthy), Semyon Varlamov (Exhaustion)

% Time on Ice - VANCOUVER VOODOO

Lines # - Real PCT - Wanted PCT - Time Play
Normal Forward
1 - 32% - 34% - 18:04
2 - 31% - 32% - 17:34
3 - 27% - 27% - 14:51
4 - 10% - 7% - 5:19
Normal Defense
1 - 35% - 35% - 19:27
2 - 34% - 35% - 19:11
3 - 30% - 30% - 16:55
4 - 0% - 0% - 0:15
PP Forward
1 - 20% - 50% - 0:14
2 - 80% - 50% - 0:57
PP Defense
1 - 100% - 59% - 1:11
2 - 0% - 41% - 0:00
PK Forward
1 - 48% - 50% - 1:00
2 - 52% - 50% - 1:05
PK Defense
1 - 59% - 58% - 1:14
2 - 41% - 42% - 0:51
PK3 Forward
1 - 0% - 55%
2 - 0% - 45%
PK3 Defense
1 - 0% - 60%
2 - 0% - 40%
44 Forward
1 - 0% - 50%
2 - 0% - 50%
44 Defense
1 - 0% - 50%
2 - 0% - 50%
Last Minute Offensive  - 0:56
Last Minute Defensive  - 0:00
Total
Forward - 60:00
Defense - 60:00

% Time on Ice - SEATTLE GRUNGE

Lines # - Real PCT - Wanted PCT - Time Play
Normal Forward
1 - 25% - 25% - 14:14
2 - 24% - 25% - 13:33
3 - 27% - 25% - 15:18
4 - 24% - 25% - 13:39
Normal Defense
1 - 32% - 34% - 18:14
2 - 33% - 33% - 18:50
3 - 35% - 33% - 19:40
4 - 0% - 0% - 0:00
PP Forward
1 - 55% - 55% - 1:09
2 - 45% - 45% - 0:56
PP Defense
1 - 55% - 55% - 1:09
2 - 45% - 45% - 0:56
PK Forward
1 - 80% - 55% - 0:57
2 - 20% - 45% - 0:14
PK Defense
1 - 20% - 55% - 0:14
2 - 80% - 45% - 0:57
PK3 Forward
1 - 0% - 55%
2 - 0% - 45%
PK3 Defense
1 - 0% - 55%
2 - 0% - 45%
44 Forward
1 - 0% - 55%
2 - 0% - 45%
44 Defense
1 - 0% - 55%
2 - 0% - 45%
Last Minute Offensive  - 0:00
Last Minute Defensive  - 0:00
Total
Forward - 60:00
Defense - 60:00

Play-by-Play

1st period


0:01 of 1st period - Anze Kopitar wins face-off versus Tyler Seguin in neutral zone.
0:01 of 1st period - Cam Atkinson is hit by Jeff Skinner and loses puck.
0:14 of 1st period - Shot by Anze Kopitar.
0:14 of 1st period - Shot Misses the Net.
0:45 of 1st period - Joel Eriksson Ek is hit by Roman Josi.
1:08 of 1st period - Icing by Mathew Dumba.
1:09 of 1st period - Oskar Sundqvist wins face-off versus Bryan Little in VANCOUVER VOODOO zone.
1:13 of 1st period - Vladimir Sobotka is hit by Mathew Dumba and loses puck.
1:16 of 1st period - Shot by Oskar Sundqvist.
1:16 of 1st period - Shot Misses the Net.
1:26 of 1st period - Shot by Vladimir Sobotka.
1:26 of 1st period - Goal by Vladimir Sobotka - VANCOUVER VOODOO : 0 - SEATTLE GRUNGE : 1.
1:27 of 1st period - Leo Komarov wins face-off versus Zemgus Girgensons in neutral zone.
1:36 of 1st period - Shot by Tyson Jost.
1:36 of 1st period - Shot Misses the Net.
1:38 of 1st period - Shot by Rocco Grimaldi.
1:38 of 1st period - Shot Misses the Net.
1:40 of 1st period - Shot by Leo Komarov.
1:40 of 1st period - Shot Blocked by Damon Severson.
1:42 of 1st period - Shot by Tyson Jost.
1:42 of 1st period - Stopped by Carter Hutton without a rebound.
1:43 of 1st period - Chris Tierney wins face-off versus Carter Verhaeghe in SEATTLE GRUNGE zone.
2:01 of 1st period - Shot by Denis Malgin.
2:01 of 1st period - Shot Blocked by Matthew Grzelcyk.
2:03 of 1st period - Shot by Carter Verhaeghe.
2:03 of 1st period - Stopped by Carter Hutton without a rebound.
2:04 of 1st period - Leo Komarov wins face-off versus Zemgus Girgensons in SEATTLE GRUNGE zone.
2:24 of 1st period - Shot by Tyson Jost.
2:24 of 1st period - Stopped by Carter Hutton without a rebound.
2:25 of 1st period - Devin Shore wins face-off versus Oskar Sundqvist in SEATTLE GRUNGE zone.
2:39 of 1st period - Icing by Travis Sanheim.
2:40 of 1st period - Anze Kopitar wins face-off versus Oskar Sundqvist in SEATTLE GRUNGE zone.
3:14 of 1st period - Icing by Matthew Grzelcyk.
3:15 of 1st period - Leo Komarov wins face-off versus Oskar Sundqvist in SEATTLE GRUNGE zone.
3:26 of 1st period - Shot by Leo Komarov.
3:26 of 1st period - Stopped by Carter Hutton with a rebound.
4:01 of 1st period - Minor Penalty to Danny DeKeyser for Holding.
4:02 of 1st period - Tyler Seguin wins face-off versus Joel Eriksson Ek in VANCOUVER VOODOO zone.
5:17 of 1st period - Shot by Damon Severson.
5:17 of 1st period - Stopped by Carey Price without a rebound.
5:18 of 1st period - Chris Tierney wins face-off versus Rocco Grimaldi in VANCOUVER VOODOO zone.
5:29 of 1st period - Shot by Chris Tierney.
5:29 of 1st period - Stopped by Carey Price without a rebound.
5:30 of 1st period - Anze Kopitar wins face-off versus Tyler Seguin in VANCOUVER VOODOO zone.
5:38 of 1st period - Off-side.
5:39 of 1st period - Anze Kopitar wins face-off versus Michael Frolik in neutral zone.
6:23 of 1st period - Icing by Seth Jones.
6:24 of 1st period - Anze Kopitar wins face-off versus Zemgus Girgensons in SEATTLE GRUNGE zone.
7:28 of 1st period - Shot by Noel Acciari.
7:28 of 1st period - Stopped by Carter Hutton with a rebound.
7:30 of 1st period - Shot by Mathew Dumba.
7:30 of 1st period - Deflect By Bryan Little.
7:30 of 1st period - Stopped by Carter Hutton with a rebound.
7:40 of 1st period - Shot by Noel Acciari.
7:40 of 1st period - Stopped by Carter Hutton with a rebound.
7:44 of 1st period - Shot by Noel Acciari.
7:44 of 1st period - Stopped by Carter Hutton without a rebound.
7:45 of 1st period - Tyler Seguin wins face-off versus Leo Komarov in SEATTLE GRUNGE zone.
7:57 of 1st period - Tyson Jost is hit by Josh Bailey.
10:01 of 1st period - Shot by Jason Zucker.
10:01 of 1st period - Shot Misses the Net.
10:53 of 1st period - Shot by Travis Sanheim.
10:53 of 1st period - Shot Misses the Net.
10:55 of 1st period - Shot by Travis Sanheim.
10:55 of 1st period - Shot Misses the Net.
11:41 of 1st period - Shot by Tyler Seguin.
11:41 of 1st period - Shot Misses the Net.
11:43 of 1st period - Shot by Jeff Skinner.
11:43 of 1st period - Stopped by Carey Price with a rebound.
11:45 of 1st period - Shot by Rasmus Dahlin.
11:45 of 1st period - Shot Misses the Net.
11:47 of 1st period - Shot by Damon Severson.
11:47 of 1st period - Goal by Damon Severson - VANCOUVER VOODOO : 0 - SEATTLE GRUNGE : 2.
11:48 of 1st period - Bryan Little wins face-off versus Oskar Sundqvist in neutral zone.
11:56 of 1st period - Shot by Devin Shore.
11:56 of 1st period - Stopped by Carter Hutton without a rebound.
11:57 of 1st period - Rocco Grimaldi wins face-off versus Chris Tierney in SEATTLE GRUNGE zone.
12:20 of 1st period - Shot by Tyson Jost.
12:20 of 1st period - Shot Blocked by Michael Frolik.
12:22 of 1st period - Shot by Rocco Grimaldi.
12:22 of 1st period - Stopped by Carter Hutton without a rebound.
12:23 of 1st period - Bryan Little wins face-off versus Zemgus Girgensons in SEATTLE GRUNGE zone.
12:24 of 1st period - Shot by Noel Acciari.
12:24 of 1st period - Stopped by Carter Hutton without a rebound.
12:25 of 1st period - Bryan Little wins face-off versus Mike Sgarbossa in SEATTLE GRUNGE zone.
12:28 of 1st period - Shot by Noel Acciari.
12:28 of 1st period - Shot Misses the Net.
12:30 of 1st period - Shot by Shea Theodore.
12:30 of 1st period - Stopped by Carter Hutton without a rebound.
12:31 of 1st period - Bryan Little wins face-off versus Mike Sgarbossa in SEATTLE GRUNGE zone.
12:42 of 1st period - Shot by Bryan Little.
12:42 of 1st period - Shot Misses the Net.
12:44 of 1st period - Shot by Devin Shore.
12:44 of 1st period - Stopped by Carter Hutton without a rebound.
12:45 of 1st period - Chris Tierney wins face-off versus Leo Komarov in SEATTLE GRUNGE zone.
13:12 of 1st period - Shot by Jason Zucker.
13:12 of 1st period - Shot Misses the Net.
13:14 of 1st period - Shot by Jason Zucker.
13:14 of 1st period - Stopped by Carey Price with a rebound.
14:28 of 1st period - Icing by Michael Matheson.
14:29 of 1st period - Leo Komarov wins face-off versus Tyler Seguin in VANCOUVER VOODOO zone.
14:29 of 1st period - Leo Komarov is hit by Jeff Skinner.
15:18 of 1st period - Icing by Matthew Grzelcyk.
15:19 of 1st period - Tyler Seguin wins face-off versus Bryan Little in SEATTLE GRUNGE zone.
15:36 of 1st period - Damon Severson is hit by Bryan Little and loses puck.
15:40 of 1st period - Rasmus Dahlin is hit by Noel Acciari and loses puck.
15:44 of 1st period - Rasmus Dahlin is hit by Danny DeKeyser and loses puck.
15:49 of 1st period - Shot by Zemgus Girgensons.
15:49 of 1st period - Stopped by Carey Price without a rebound.
15:50 of 1st period - Carter Verhaeghe wins face-off versus Oskar Sundqvist in VANCOUVER VOODOO zone.
16:44 of 1st period - Off-side.
16:45 of 1st period - Noel Acciari wins face-off versus Zemgus Girgensons in neutral zone.
16:52 of 1st period - Shot by Bryan Little.
16:52 of 1st period - Goal by Bryan Little - VANCOUVER VOODOO : 1 - SEATTLE GRUNGE : 2.
16:53 of 1st period - Bryan Little wins face-off versus Zemgus Girgensons in neutral zone.
16:56 of 1st period - Shot by Noel Acciari.
16:56 of 1st period - Shot Misses the Net.
16:58 of 1st period - Shot by Danny DeKeyser.
16:58 of 1st period - Stopped by Carter Hutton without a rebound.
16:59 of 1st period - Bryan Little wins face-off versus Zemgus Girgensons in SEATTLE GRUNGE zone.
17:14 of 1st period - Shot by Noel Acciari.
17:14 of 1st period - Stopped by Carter Hutton with a rebound.
17:18 of 1st period - Shot by Noel Acciari.
17:18 of 1st period - Shot Misses the Net.
17:20 of 1st period - Shot by Shea Theodore.
17:20 of 1st period - Shot Blocked by Rasmus Dahlin.
17:22 of 1st period - Shot by Noel Acciari.
17:22 of 1st period - Goal by Noel Acciari - VANCOUVER VOODOO : 2 - SEATTLE GRUNGE : 2.
17:23 of 1st period - Chris Tierney wins face-off versus Anze Kopitar in neutral zone.
17:23 of 1st period - Jason Zucker is hit by Joel Eriksson Ek.
17:55 of 1st period - Shot by Chris Tierney.
17:55 of 1st period - Goal by Chris Tierney - VANCOUVER VOODOO : 2 - SEATTLE GRUNGE : 3.
17:56 of 1st period - Bryan Little wins face-off versus Zemgus Girgensons in neutral zone.
17:58 of 1st period - Off-side.
17:59 of 1st period - Bryan Little wins face-off versus Zemgus Girgensons in neutral zone.
18:52 of 1st period - Icing by Danny DeKeyser.
18:53 of 1st period - Tyler Seguin wins face-off versus Bryan Little in VANCOUVER VOODOO zone.
19:00 of 1st period - Shot by Tyler Seguin.
19:00 of 1st period - Stopped by Carey Price without a rebound.
19:01 of 1st period - Anze Kopitar wins face-off versus Tyler Seguin in VANCOUVER VOODOO zone.
19:26 of 1st period - Shot by Anze Kopitar.
19:26 of 1st period - Shot Misses the Net.
19:28 of 1st period - Shot by Michael Matheson.
19:28 of 1st period - Goal by Michael Matheson - VANCOUVER VOODOO : 3 - SEATTLE GRUNGE : 3.
19:29 of 1st period - Jason Zucker wins face-off versus Carter Verhaeghe in neutral zone.
19:53 of 1st period - Chris Tierney is hit by Jay Bouwmeester and loses puck.
19:56 of 1st period - Shot by Michael Frolik.
19:56 of 1st period - Shot Misses the Net.
19:58 of 1st period - Shot by Chris Tierney.
19:58 of 1st period - Goal by Chris Tierney - VANCOUVER VOODOO : 3 - SEATTLE GRUNGE : 4.
19:59 of 1st period - Anze Kopitar wins face-off versus Oskar Sundqvist in neutral zone.
Goals for this period are 3 for VANCOUVER VOODOO vs 4 for SEATTLE GRUNGE.
Shots for this period are 18 for VANCOUVER VOODOO vs 10 for SEATTLE GRUNGE.

2nd period


0:01 of 2nd period - Oskar Sundqvist wins face-off versus Bryan Little in neutral zone.
0:01 of 2nd period - Oskar Sundqvist is hit by Noel Acciari.
0:10 of 2nd period - Travis Sanheim is hit by Danny DeKeyser and loses puck.
0:57 of 2nd period - Minor Penalty to Anze Kopitar for High sticking.
0:58 of 2nd period - Tyler Seguin wins face-off versus Denis Malgin in VANCOUVER VOODOO zone.
0:59 of 2nd period - Shot by Roman Josi.
0:59 of 2nd period - Shot Hit the Post.
1:03 of 2nd period - Shot by Jeff Skinner.
1:03 of 2nd period - Goal by Jeff Skinner - VANCOUVER VOODOO : 3 - SEATTLE GRUNGE : 5.
1:03 of 2nd period - Pheonix Copley enters game.
1:04 of 2nd period - Tyler Seguin wins face-off versus Anze Kopitar in neutral zone.
1:17 of 2nd period - Shot by Tyler Seguin.
1:17 of 2nd period - Shot Misses the Net.
1:31 of 2nd period - Shot by Anze Kopitar.
1:31 of 2nd period - Stopped by Carter Hutton without a rebound.
1:32 of 2nd period - Leo Komarov wins face-off versus Chris Tierney in SEATTLE GRUNGE zone.
1:53 of 2nd period - Shot by Leo Komarov.
1:53 of 2nd period - Shot Misses the Net.
1:55 of 2nd period - Shot by Rocco Grimaldi.
1:55 of 2nd period - Shot Blocked by Michael Frolik.
2:13 of 2nd period - Jay Bouwmeester is hit by Chris Tierney and loses puck.
3:25 of 2nd period - Icing by Danny DeKeyser.
3:26 of 2nd period - Bryan Little wins face-off versus Tyler Seguin in VANCOUVER VOODOO zone.
3:35 of 2nd period - Shot by Jeff Skinner.
3:35 of 2nd period - Stopped by Pheonix Copley without a rebound.
3:36 of 2nd period - Anze Kopitar wins face-off versus Tyler Seguin in VANCOUVER VOODOO zone.
3:40 of 2nd period - Off-side.
3:41 of 2nd period - Tyler Seguin wins face-off versus Anze Kopitar in neutral zone.
3:56 of 2nd period - Shot by Tyler Seguin.
3:56 of 2nd period - Shot Misses the Net.
4:14 of 2nd period - Shot by Tyler Seguin.
4:14 of 2nd period - Stopped by Pheonix Copley with a rebound.
4:16 of 2nd period - Shot by Tyler Seguin.
4:16 of 2nd period - Stopped by Pheonix Copley without a rebound.
4:17 of 2nd period - Oskar Sundqvist wins face-off versus Leo Komarov in VANCOUVER VOODOO zone.
5:15 of 2nd period - Shot by Damon Severson.
5:15 of 2nd period - Shot Misses the Net.
6:01 of 2nd period - Leo Komarov is hit by Matthew Grzelcyk.
6:20 of 2nd period - Chris Tierney is hit by Jay Bouwmeester and loses puck.
7:05 of 2nd period - Shot by Anze Kopitar.
7:05 of 2nd period - Stopped by Carter Hutton with a rebound.
7:33 of 2nd period - Shot by Cam Atkinson.
7:33 of 2nd period - Stopped by Carter Hutton without a rebound.
7:33 of 2nd period - Minor Penalty to Roman Josi for Holding.
7:34 of 2nd period - Michael Frolik wins face-off versus Bryan Little in SEATTLE GRUNGE zone.
8:02 of 2nd period - Shot by Noel Acciari.
8:02 of 2nd period - Shot Misses the Net.
8:05 of 2nd period - Devin Shore is hit by Rasmus Dahlin and loses puck.
8:12 of 2nd period - Shot by Noel Acciari.
8:12 of 2nd period - Shot Hit the Post.
8:28 of 2nd period - Shot by Noel Acciari.
8:28 of 2nd period - Shot Blocked by Rasmus Dahlin.
8:30 of 2nd period - Shot by Danny DeKeyser.
8:30 of 2nd period - Stopped by Carter Hutton without a rebound.
8:31 of 2nd period - Anze Kopitar wins face-off versus Chris Tierney in SEATTLE GRUNGE zone.
8:44 of 2nd period - Shot by Anze Kopitar.
8:44 of 2nd period - Goal by Anze Kopitar - VANCOUVER VOODOO : 4 - SEATTLE GRUNGE : 5.
8:45 of 2nd period - Oskar Sundqvist wins face-off versus Anze Kopitar in neutral zone.
8:57 of 2nd period - Off-side.
8:58 of 2nd period - Victor Rask wins face-off versus Carter Verhaeghe in neutral zone.
9:32 of 2nd period - Shot by Zemgus Girgensons.
9:32 of 2nd period - Shot Blocked by Danny DeKeyser.
9:37 of 2nd period - Icing by Danny DeKeyser.
9:38 of 2nd period - Carter Verhaeghe wins face-off versus Oskar Sundqvist in VANCOUVER VOODOO zone.
9:38 of 2nd period - Carter Verhaeghe is hit by Steve Bernier.
10:09 of 2nd period - Icing by Devin Shore.
10:10 of 2nd period - Bryan Little wins face-off versus Chris Tierney in VANCOUVER VOODOO zone.
10:23 of 2nd period - Michael Matheson is hit by Michael Frolik and loses puck.
10:43 of 2nd period - Icing by Michael Matheson.
10:44 of 2nd period - Bryan Little wins face-off versus Tyler Seguin in VANCOUVER VOODOO zone.
11:05 of 2nd period - Shot by Josh Bailey.
11:05 of 2nd period - Shot Blocked by Michael Matheson.
11:07 of 2nd period - Shot by Matthew Grzelcyk.
11:07 of 2nd period - Shot Misses the Net.
11:13 of 2nd period - Shot by Jeff Skinner.
11:13 of 2nd period - Stopped by Pheonix Copley without a rebound.
11:14 of 2nd period - Oskar Sundqvist wins face-off versus Anze Kopitar in VANCOUVER VOODOO zone.
12:28 of 2nd period - Danny DeKeyser is hit by Zemgus Girgensons and loses puck.
12:37 of 2nd period - Shot by Roman Josi.
12:37 of 2nd period - Shot Misses the Net.
13:03 of 2nd period - Shot by Tyler Seguin.
13:03 of 2nd period - Stopped by Pheonix Copley without a rebound.
13:04 of 2nd period - Chris Tierney wins face-off versus Leo Komarov in VANCOUVER VOODOO zone.
14:18 of 2nd period - Shot by Tyler Seguin.
14:18 of 2nd period - Shot Blocked by Christian Wolanin.
14:20 of 2nd period - Shot by Jeff Skinner.
14:20 of 2nd period - Stopped by Pheonix Copley without a rebound.
14:21 of 2nd period - Carter Verhaeghe wins face-off versus Vladimir Sobotka in VANCOUVER VOODOO zone.
14:21 of 2nd period - Carter Verhaeghe is hit by Steve Bernier.
14:28 of 2nd period - Off-side.
14:29 of 2nd period - Bryan Little wins face-off versus Zemgus Girgensons in neutral zone.
14:38 of 2nd period - Shot by Devin Shore.
14:38 of 2nd period - Stopped by Carter Hutton without a rebound.
14:39 of 2nd period - Carter Verhaeghe wins face-off versus Tyler Seguin in SEATTLE GRUNGE zone.
15:06 of 2nd period - Shot by Josh Bailey.
15:06 of 2nd period - Stopped by Pheonix Copley with a rebound.
15:08 of 2nd period - Shot by Jeff Skinner.
15:08 of 2nd period - Deflect By Tyler Seguin.
15:08 of 2nd period - Stopped by Pheonix Copley without a rebound.
15:09 of 2nd period - Oskar Sundqvist wins face-off versus Bryan Little in VANCOUVER VOODOO zone.
15:37 of 2nd period - Shot by Bryan Little.
15:37 of 2nd period - Deflect By Devin Shore.
15:37 of 2nd period - Shot Blocked by Rasmus Dahlin.
16:24 of 2nd period - Chris Tierney is hit by Mathew Dumba.
16:53 of 2nd period - Icing by Anze Kopitar.
16:54 of 2nd period - Anze Kopitar wins face-off versus Zemgus Girgensons in VANCOUVER VOODOO zone.
16:54 of 2nd period - Cam Atkinson is hit by Zemgus Girgensons.
17:04 of 2nd period - Shot by Zemgus Girgensons.
17:04 of 2nd period - Shot Blocked by Michael Matheson.
17:06 of 2nd period - Shot by Zemgus Girgensons.
17:06 of 2nd period - Shot Misses the Net.
17:27 of 2nd period - Shot by Zemgus Girgensons.
17:27 of 2nd period - Shot Misses the Net.
18:02 of 2nd period - Tyler Seguin is hit by Danny DeKeyser and loses puck.
18:23 of 2nd period - Shot by Noel Acciari.
18:23 of 2nd period - Deflect By Bryan Little.
18:23 of 2nd period - Stopped by Carter Hutton with a rebound.
18:25 of 2nd period - Shot by Noel Acciari.
18:25 of 2nd period - Shot Blocked by Tyler Seguin.
18:27 of 2nd period - Shot by Danny DeKeyser.
18:27 of 2nd period - Shot Misses the Net.
19:18 of 2nd period - Icing by Roman Josi.
19:19 of 2nd period - Carter Verhaeghe wins face-off versus Tyler Seguin in SEATTLE GRUNGE zone.
19:27 of 2nd period - Shot by Denis Malgin.
19:27 of 2nd period - Shot Blocked by Roman Josi.
19:44 of 2nd period - Shot by Brendan Lemieux.
19:44 of 2nd period - Shot Misses the Net.
Goals for this period are 1 for VANCOUVER VOODOO vs 1 for SEATTLE GRUNGE.
Shots for this period are 7 for VANCOUVER VOODOO vs 9 for SEATTLE GRUNGE.

3rd period


0:01 of 3rd period - Bryan Little wins face-off versus Chris Tierney in neutral zone.
0:31 of 3rd period - Shot by Jason Zucker.
0:31 of 3rd period - Stopped by Pheonix Copley without a rebound.
0:32 of 3rd period - Zemgus Girgensons wins face-off versus Anze Kopitar in VANCOUVER VOODOO zone.
0:41 of 3rd period - Shot by Travis Sanheim.
0:41 of 3rd period - Shot Misses the Net.
0:49 of 3rd period - Shot by Cam Atkinson.
0:49 of 3rd period - Shot Misses the Net.
0:57 of 3rd period - Travis Sanheim is hit by Joel Eriksson Ek and loses puck.
1:06 of 3rd period - Shot by Cam Atkinson.
1:06 of 3rd period - Stopped by Carter Hutton without a rebound.
1:07 of 3rd period - Bryan Little wins face-off versus Oskar Sundqvist in SEATTLE GRUNGE zone.
1:39 of 3rd period - Shot by Damon Severson.
1:39 of 3rd period - Deflect By Oskar Sundqvist.
1:39 of 3rd period - Stopped by Pheonix Copley without a rebound.
1:40 of 3rd period - Michael Frolik wins face-off versus Leo Komarov in VANCOUVER VOODOO zone.
1:47 of 3rd period - Shot by Chris Tierney.
1:47 of 3rd period - Deflect By Jason Zucker.
1:47 of 3rd period - Shot Blocked by Michael Matheson.
1:54 of 3rd period - Icing by Michael Matheson.
1:55 of 3rd period - Victor Rask wins face-off versus Rocco Grimaldi in VANCOUVER VOODOO zone.
2:54 of 3rd period - Shot by Jason Zucker.
2:54 of 3rd period - Shot Misses the Net.
3:51 of 3rd period - Shot by Noel Acciari.
3:51 of 3rd period - Shot Misses the Net.
3:59 of 3rd period - Shot by Noel Acciari.
3:59 of 3rd period - Stopped by Carter Hutton without a rebound.
4:00 of 3rd period - Carter Verhaeghe wins face-off versus Oskar Sundqvist in SEATTLE GRUNGE zone.
4:12 of 3rd period - Icing by Seth Jones.
4:13 of 3rd period - Oskar Sundqvist wins face-off versus Leo Komarov in SEATTLE GRUNGE zone.
4:22 of 3rd period - Rocco Grimaldi is hit by Oskar Sundqvist and loses puck.
4:31 of 3rd period - Shot by Oskar Sundqvist.
4:31 of 3rd period - Shot Blocked by Michael Matheson.
5:02 of 3rd period - Icing by Michael Matheson.
5:03 of 3rd period - Leo Komarov wins face-off versus Zemgus Girgensons in VANCOUVER VOODOO zone.
5:03 of 3rd period - Leo Komarov is hit by Zemgus Girgensons.
5:13 of 3rd period - Icing by Matthew Grzelcyk.
5:14 of 3rd period - Bryan Little wins face-off versus Zemgus Girgensons in SEATTLE GRUNGE zone.
5:42 of 3rd period - Icing by Zemgus Girgensons.
5:43 of 3rd period - Anze Kopitar wins face-off versus Zemgus Girgensons in SEATTLE GRUNGE zone.
5:53 of 3rd period - Anze Kopitar is hit by Matthew Grzelcyk and loses puck.
6:52 of 3rd period - Shot by Oskar Sundqvist.
6:52 of 3rd period - Shot Misses the Net.
7:01 of 3rd period - Shot by Noel Acciari.
7:01 of 3rd period - Deflect By Bryan Little.
7:01 of 3rd period - Shot Blocked by Vladimir Sobotka.
7:24 of 3rd period - Icing by Rasmus Dahlin.
7:25 of 3rd period - Oskar Sundqvist wins face-off versus Leo Komarov in SEATTLE GRUNGE zone.
8:46 of 3rd period - Shot by Cam Atkinson.
8:46 of 3rd period - Shot Blocked by Michael Frolik.
9:45 of 3rd period - Icing by Damon Severson.
9:46 of 3rd period - Bryan Little wins face-off versus Zemgus Girgensons in SEATTLE GRUNGE zone.
9:53 of 3rd period - Shot by Noel Acciari.
9:53 of 3rd period - Stopped by Carter Hutton with a rebound.
9:57 of 3rd period - Shot by Bryan Little.
9:57 of 3rd period - Stopped by Carter Hutton without a rebound.
9:58 of 3rd period - Carter Verhaeghe wins face-off versus Tyler Seguin in SEATTLE GRUNGE zone.
10:06 of 3rd period - Denis Malgin is hit by Seth Jones and loses puck.
10:26 of 3rd period - Shot by Tyler Seguin.
10:26 of 3rd period - Stopped by Pheonix Copley without a rebound.
10:27 of 3rd period - Bryan Little wins face-off versus Chris Tierney in VANCOUVER VOODOO zone.
10:36 of 3rd period - Shot by Jason Zucker.
10:36 of 3rd period - Stopped by Pheonix Copley with a rebound.
10:38 of 3rd period - Shot by Michael Frolik.
10:38 of 3rd period - Deflect By Jason Zucker.
10:38 of 3rd period - Stopped by Pheonix Copley without a rebound.
10:39 of 3rd period - Oskar Sundqvist wins face-off versus Leo Komarov in VANCOUVER VOODOO zone.
11:51 of 3rd period - Icing by Devin Shore.
11:52 of 3rd period - Tyler Seguin wins face-off versus Bryan Little in VANCOUVER VOODOO zone.
11:59 of 3rd period - Shot by Tyler Seguin.
11:59 of 3rd period - Stopped by Pheonix Copley without a rebound.
12:00 of 3rd period - Anze Kopitar wins face-off versus Zemgus Girgensons in VANCOUVER VOODOO zone.
12:07 of 3rd period - Icing by Anze Kopitar.
12:08 of 3rd period - Joel Eriksson Ek wins face-off versus Chris Tierney in VANCOUVER VOODOO zone.
12:25 of 3rd period - Joel Eriksson Ek is hit by Michael Frolik and loses puck.
12:40 of 3rd period - Chris Tierney is hit by Joel Eriksson Ek and loses puck.
14:02 of 3rd period - Shot by Tyson Jost.
14:02 of 3rd period - Stopped by Carter Hutton without a rebound.
14:03 of 3rd period - Carter Verhaeghe wins face-off versus Zemgus Girgensons in SEATTLE GRUNGE zone.
14:29 of 3rd period - Zemgus Girgensons is hit by Michael Matheson and loses puck.
14:39 of 3rd period - Icing by Mathew Dumba.
14:40 of 3rd period - Carter Verhaeghe wins face-off versus Oskar Sundqvist in VANCOUVER VOODOO zone.
14:51 of 3rd period - Shot by Denis Malgin.
14:51 of 3rd period - Stopped by Carter Hutton without a rebound.
14:52 of 3rd period - Chris Tierney wins face-off versus Bryan Little in SEATTLE GRUNGE zone.
14:59 of 3rd period - Noel Acciari is hit by Jason Zucker and loses puck.
15:06 of 3rd period - Shot by Shea Theodore.
15:06 of 3rd period - Shot Misses the Net.
15:08 of 3rd period - Shot by Noel Acciari.
15:08 of 3rd period - Deflect By Devin Shore.
15:08 of 3rd period - Shot Misses the Net.
15:10 of 3rd period - Shot by Devin Shore.
15:10 of 3rd period - Stopped by Carter Hutton without a rebound.
15:11 of 3rd period - Anze Kopitar wins face-off versus Oskar Sundqvist in SEATTLE GRUNGE zone.
15:51 of 3rd period - Shot by Joel Eriksson Ek.
15:51 of 3rd period - Stopped by Carter Hutton without a rebound.
15:52 of 3rd period - Zemgus Girgensons wins face-off versus Bryan Little in SEATTLE GRUNGE zone.
16:13 of 3rd period - Shot by Bryan Little.
16:13 of 3rd period - Shot Misses the Net.
16:15 of 3rd period - Shot by Danny DeKeyser.
16:15 of 3rd period - Shot Misses the Net.
16:25 of 3rd period - Shot by Bryan Little.
16:25 of 3rd period - Deflect By Devin Shore.
16:25 of 3rd period - Stopped by Carter Hutton without a rebound.
16:26 of 3rd period - Tyson Jost wins face-off versus Chris Tierney in SEATTLE GRUNGE zone.
16:41 of 3rd period - Shot by Chris Tierney.
16:41 of 3rd period - Stopped by Pheonix Copley without a rebound.
16:42 of 3rd period - Anze Kopitar wins face-off versus Tyler Seguin in VANCOUVER VOODOO zone.
17:09 of 3rd period - Shot by Cam Atkinson.
17:09 of 3rd period - Shot Blocked by Damon Severson.
17:46 of 3rd period - Devin Shore is hit by Zemgus Girgensons and loses puck.
18:00 of 3rd period - Off-side.
18:01 of 3rd period - Oskar Sundqvist wins face-off versus Leo Komarov in neutral zone.
18:08 of 3rd period - Icing by Mathew Dumba.
18:09 of 3rd period - Chris Tierney wins face-off versus Leo Komarov in VANCOUVER VOODOO zone.
18:14 of 3rd period - Shot by Michael Frolik.
18:14 of 3rd period - Stopped by Pheonix Copley without a rebound.
18:15 of 3rd period - Noel Acciari wins face-off versus Oskar Sundqvist in VANCOUVER VOODOO zone.
18:25 of 3rd period - Shot by Noel Acciari.
18:25 of 3rd period - Deflect By Bryan Little.
18:25 of 3rd period - Shot Blocked by Matthew Grzelcyk.
18:27 of 3rd period - Shot by Shea Theodore.
18:27 of 3rd period - Shot Blocked by Travis Sanheim.
18:31 of 3rd period - VANCOUVER VOODOO, Pheonix Copley is pulled from the net.
Goals for this period are 0 for VANCOUVER VOODOO vs 0 for SEATTLE GRUNGE.
Shots for this period are 9 for VANCOUVER VOODOO vs 8 for SEATTLE GRUNGE.


SEBASTIAN
AHO
MARK
SCHEIFELE
JAKE
OETTINGER

EAST COAST

HOCKEY LEAGUE

  • 17.QUE3CHI2
  • 18.CHA2LIM4
  • 19.TRV3LON2
  • 20.CHW1BAL2
  • 21.PITMAN
  • 22.ATLNHW
  • 23.WORPET
  • 24.RHI